 Dungeon Crawl Stone Soup version 0.29.0-13-gc9e81de378 (webtiles) character file.

Game seed: 13773890036199365865

16 mtoz the Shooter (level 2, -1/22 HPs)
             Began as a Human Wanderer on Sept 8, 2022.
             Slain by a gnoll
             ... wielding a +0 whip
              (4 damage)
             ... on level 1 of the Dungeon.
             The game lasted 00:03:00 (651 turns).

mtoz the Shooter (Human Wanderer)                    Turns: 651, Time: 00:03:01

Health: -1/22      AC:  2    Str:  9    XL:     2   Next: 75%
Magic:  2/2        EV: 11    Int: 10    God:
Gold:   91         SH:  0    Dex: 17    Spells: 1/1 levels left

rFire   . . .      SeeInvis .   b - +0 short sword
rCold   . . .      Faith    .   (no shield)
rNeg    . . .      Spirit   .   f - +0 robe
rPois   .          Reflect  .   (no helmet)
rElec   .          Harm     .   (no cloak)
rCorr   .          Rampage  .   (no gloves)
Will    .....                   (no boots)
Stlth   ++........              (no amulet)
HPRegen 0.07/turn               (no ring)
MPRegen 0.08/turn               (no ring)

@: no status effects
A: no striking features
a: no special abilities


You were on level 1 of the Dungeon.
You visited 1 branch of the dungeon, and saw 1 of its levels.

You collected 91 gold pieces.

Inventory:

Hand Weapons
 a - a +2 sling
 b - a +0 short sword (weapon)
 d - a +0 dagger
Missiles
 c - 12 poisoned darts (quivered)
Armour
 f - a +0 robe (worn)
Scrolls
 g - a scroll of identify {unknown}
 h - a scroll of fear {unknown}
 j - a scroll of butterflies {unknown}
 k - a scroll of torment {unknown}
Potions
 e - a potion of berserk rage
 i - a potion of heal wounds {unknown}


   Skills:
 + Level 2.2 Fighting
 + Level 1.4 Short Blades
 + Level 5.1 Ranged Weapons
 + Level 2.2 Throwing
 + Level 0.3 Stealth


You had one spell level left.
You didn't know any spells.
Your spell library was empty.

Dungeon Overview and Level Annotations

Branches:
Dungeon (1/15)

Altars:

Shops:
D:1 *


Message History

You hit the kobold but do no damage.
The kobold is moderately wounded.
The kobold hits you with a +0 club.
You hit the kobold.
You kill the kobold!
No target in view!
Things that are here:
a +0 club; a stone A gnoll comes into view.
It is wielding a +0 whip.
The gnoll shouts!
You hit the gnoll but do no damage. The gnoll barely misses you.
You hit the gnoll but do no damage. The gnoll hits you with a +0 whip.
You hit the gnoll.
The gnoll is lightly wounded.
The gnoll hits you with a +0 whip.
You are too injured to fight recklessly!
You are too injured to fight recklessly!
You are too injured to fight recklessly!
You hit the gnoll.
The gnoll is moderately wounded.
The gnoll hits you with a +0 whip.
You hit the gnoll but do no damage.
The gnoll is moderately wounded.
The gnoll closely misses you.
Okay, then.
Sorry, you're not good enough to have a special ability.
You hit the gnoll.
The gnoll is severely wounded.
The gnoll barely misses you.
You closely miss the gnoll.
The gnoll is severely wounded.
The gnoll closely misses you.
You completely miss the gnoll. Your punch misses the gnoll.
The gnoll is severely wounded.
The gnoll hits you with a +0 whip!
* * * LOW HITPOINT WARNING * * *
You hit the gnoll.
The gnoll is almost dead.
The gnoll hits you with a +0 whip.
You die...

...## ##
....##.#........#
#)## ##
#...######.# #.#
##...# #.# ###.#
#.# #.# #.# #.#
#.# #######.##
#.# #........#
#.# #@#####)##
#.# #g# ### #..
####


You could see a gnoll.

Vanquished Creatures
  A dart slug (D:1)
  A bat (D:1)
  3 endoplasms (D:1)
  A giant cockroach (D:1)
  2 goblins (D:1)
  A hobgoblin (D:1)
  2 kobolds (D:1)
  A ball python (D:1)
12 creatures vanquished.

Notes
Turn   | Place    | Note
-------+----------+-------------------------------------------
     0 | D:1      | mtoz the Human Wanderer began the quest for the Orb.
     0 | D:1      | mtoz set off with the following items: a +2 sling, a +0
                  | short sword, 12 poisoned darts, a +0 dagger, a potion of
                  | berserk rage, a +0 robe.
     0 | D:1      | Reached XP level 1. HP: 16/16 MP: 1/1
   187 | D:1      | Reached XP level 2. HP: 22/22 MP: 2/2
   498 | D:1      | Found Zukuwk's General Store.
   651 | D:1      | Slain by a gnoll

Illustrated notes

Levels and vault maps discovered:
D:1:      onia_arrival_pentagram, layout_loops_ring, serial_shops,
          nicolae_square_shop

Action                   || total
-------------------------++-------
Melee: Short sword       ||    38
 Fire: Sling             ||    12
Throw: Dart              ||     6
 Stab: Sleeping          ||     1
Armor: Robe              ||     5
Dodge: Dodged            ||    14
